 Dungeon Sprint DCSS version 0.31.0-4-g52a2dc7128 (webtiles) character file.

Game seed: 16096428019163577372

35 Groucho the Trooper (level 3, -4/25 HPs)
             Began as a Gargoyle Fighter on Jan 22, 2024.
             Slain by a water elemental (14 damage)
             ... in the Dungeon (Sprint III: "The Ten Rune Challenge").
             The game lasted 00:00:51 (378 turns).

Groucho the Trooper (Gargoyle Fighter)               Turns: 378, Time: 00:00:52

Health: -4/25      AC: 12    Str: 21    XL:     3   Next: 35%
Magic:  3/3        EV:  8    Int:  8    God:
Gold:   18         SH:  4    Dex:  9    Spells: 2/2 levels left

rFire   . . .        a - +0 flail
rCold   . . .        c - +0 buckler
rNeg    + . .        k - +0 chain mail
rPois   ∞            (no helmet)
rElec   +            (no cloak)
rCorr   .            (no gloves)
SInv    .            (no boots)
Will    .....        (no amulet) Stlth
                     (no ring)
HPRegen 0.24/turn    (no ring)
MPRegen 0.08/turn

%: no teleportation
@: no status effects
A: sickness immunity, AC +3, negative energy resistance 1, electricity
resistance, torment resistance 1, petrification resistance
a: no special abilities


You were in the Dungeon.
You visited 1 branch You collected 18 gold pieces.

Inventory:

Hand Weapons
 a - a +0 flail (weapon)
Armour
 b - a +0 scale mail
 c - a +0 buckler (worn)
 k - a +0 chain mail (worn)
Scrolls
 i - a scroll of poison {unknown}
 j - a scroll of blinking
 l - 4 scrolls of identify
 o - a scroll of torment {unknown}
Potions
 d - a potion of might
 e - a potion of curing
 f - 3 potions of mutation {unknown}
 g - a potion of haste
 h - 2 potions of magic
 m - a potion of berserk rage
 n - 3 potions of enlightenment


   Skills:
 + Level 4.9 Fighting
 + Level 3.5 Maces & Flails
 + Level 4.8 Armour
 + Level 0.1 Dodging
 + Level 4.5 Shields


You had 2 spell levels left.
You didn't know any spells.
Your spell library was empty.

Dungeon Overview and Level Annotations

Branches:
Dungeon (1/1)

Altars:


Innate Abilities, Weirdness & Mutations

You are immune to sickness and miasma.
Your stone body is resilient. (AC +3)
You are immune to poison.
You resist negative energy. (rN+)
You are resistant to electric shocks. (rElec)
You are resistant to unholy torment.
You are immune to petrification.


Message History

You sock the wolf!
You kill the wolf!
You have reached level 3!
Your experience leads to an increase in your attributes!
Increase (S)trength, (I)ntelligence, or (D)exterity?
You feel stronger. x2
Unknown command.
Unknown command.
You open the door.
Found 6 gold pieces and a bubbling ruby potion.
Found 12 gold pieces and a bubbling ruby potion.
There is an open door here.
You now have 6 gold pieces.
f - a bubbling ruby potion;
i - a scroll labelled UNAATHI MOIQOPH
l - 2 scrolls of identify (gained 1);
m - a potion of berserk rage
n - 2 potions of enlightenment
f - 2 bubbling ruby potions (gained 1);
o - a scroll labelled IDGHA BAIDGHO
l - 4 scrolls of identify (gained 2);
f - 3 bubbling ruby potions (gained 1)
n - 3 potions of enlightenment (gained 1)
You now have 18 gold pieces (gained 12).
There is an open door here.
You enter the shallow water.
Moving in this stuff is going to be slow.
You start resting.
HP restored.
You start waiting.
Done waiting.
As you open the door, it creaks loudly!
A water elemental comes into view.
The water elemental moves out of view.
The water elemental hits you.
There is an open door to the Ecumenical Temple here.
You hit the water elemental.
The water elemental is lightly damaged.
You block the water elemental's attack. The water elemental hits you!
You sock the water elemental!
The water elemental is severely damaged.
The water elemental hits you!
Ouch! That really hurt!
You die...

▓▓▓▓▓▓▓▓▓▓▓ ▓▓▓
.#..'...♣.♣ ♣.#
.#..#....♣ ♣♣.#
'####....♣♣♣ ♣..#
....#....~.♣ ♣..###+#+##
....#...~~♣♣ ♣..#.......
....#..~~~~♣♣♣..@.⌠.....
###'#..~≈≈~~~♣..#E..####
....#.~~≈~~~....#.⌠.#
....#.~≈~~~.....#...#
....#.~~~.......#+###
#####...........#
..........÷.....#
▓▓▓▓▓▓▓▓▓▓▓▓▓▓▓▓▓


You could see a water elemental.

Vanquished Creatures
  A human (D)
  A wolf (D)
  An endoplasm (D)
  3 rats (D)
6 creatures vanquished.

Notes
Turn   | Place    | Note
-------+----------+-------------------------------------------
     0 | D        | Groucho the Gargoyle Fighter began the quest for the Orb.
     0 | D        | Reached XP level 1. HP: 14/14 MP: 1/1
    79 | D        | Reached XP level 2. HP: 16/20 MP: 2/2
   232 | D        | Reached XP level 3. HP: 14/25 MP: 3/3
   375 | D        | Noticed a water elemental
   378 | D        | Slain by a water elemental

Illustrated notes

Levels and vault maps discovered:
D:        dungeon_sprint_mu [sprint_mu_entry_forest, sprint_mu_temple_rooms,
          sprint_mu_d1_horrors, sprint_mu_d2_genie, sprint_mu_d3_branching,
          sprint_mu_orc_legion, sprint_mu_elf_gauntlet, sprint_mu_hive_nellie,
          sprint_mu_lair_fedhas, sprint_mu_vaults_butterflies,
          sprint_mu_slime_circle, sprint_mu_swamp_cave, sprint_mu_snake_twists,
          sprint_mu_blade_basic, sprint_mu_crypt_chambers,
          sprint_mu_tomb_spiral, sprint_mu_vestibule_basic,
          sprint_mu_gehenna_hellfire, sprint_mu_dis_giant,
          sprint_mu_tartarus_statrot, sprint_mu_cocytus_islands, sprint_mu_zot1]

Skill      XL: |  1 |
---------------+----+-----
Fighting       | 4 |  4.9
Maces & Flails | 3 |  3.5
Armour         | 4 |  4.8
Shields        | 4 |  4.5
Dodging        | |  0.1

Action                     || total
---------------------------++-------
  Melee: Flail             ||    38
    Use: Potion            ||     2
 Armour: Chain mail        ||    29
         Scale mail        ||     5
  Dodge: Dodged            ||    13
  Block: Buckler           ||     6
